 Dungeon Crawl Stone Soup version 0.29-a0-925-g0a7a3d12f8 (webtiles) character file.

Game seed: 16878257185056985900

116 logorrheac the Blocker (level 5, -3/37 HPs)
             Began as a Gnoll Wanderer on July 29, 2022.
             Splashed by Edmund the jelly's acid (6 damage)
             ... on level 4 of the Dungeon.
             The game lasted 00:04:45 (3555 turns).

logorrheac the Blocker (Gnoll Wanderer)             Turns: 3555, Time: 00:04:46

Health: -3/37      AC: -5    Str: 12    XL:     5   Next: 1%
Magic:  7/7        EV: 11    Int: 11    God:
Gold:   142        SH:  6    Dex: 13    Spells: 6/6 levels left

rFire   . . .      SeeInvis .   a - +0 hand axe
rCold   . . .      Faith    .   b - +0 buckler {AC+3}
rNeg    . . .      Spirit   .   e - +0 leather armour
rPois   .          Reflect  .   g - +0 hat
rElec   .          Harm     .   (no cloak)
rCorr   .          Rampage  .   (no gloves)
Will    .....                   (no boots)
Stlth   +.........              (no amulet)
HPRegen 0.12/turn               (no ring)
MPRegen 0.10/turn               (no ring)

@: corroded
A: fangs 1, strong nose, distributed training
a: no special abilities


You were on level 4 of the Dungeon.
You visited 1 branch of the dungeon, and saw 4 of its levels.

You collected 142 gold pieces.

Inventory:

Hand Weapons
 a - a +0 hand axe (weapon)
Armour
 b - a +0 buckler of protection (worn)
 e - a +0 leather armour (worn)
 g - a +0 hat (worn)
Wands
 c - a wand of polymorph (2) (quivered)
Scrolls
 d - 2 scrolls of blinking
 f - 5 scrolls of teleportation {unknown}
 i - a scroll of vulnerability {unknown}
 j - a scroll of poison {unknown}
 l - a scroll of acquirement {unknown}
 m - a scroll of silence {unknown}
 n - a scroll of brand weapon {unknown}
Potions
 h - a potion of brilliance {unknown}


   Skills:
 + Level 1.3 Fighting
 + Level 1.3 Short Blades
 + Level 1.3 Long Blades
 + Level 2.9 Axes
 + Level 1.3 Maces & Flails
 + Level 1.3 Polearms
 + Level 1.3 Staves
 + Level 1.3 Ranged Weapons
 + Level 1.3 Throwing
 + Level 2.9 Armour
 + Level 1.3 Dodging
 + Level 1.3 Stealth
 + Level 10.5 Shields
 + Level 1.3 Unarmed Combat
 + Level 1.3 Spellcasting
 + Level 1.1 Conjurations
 + Level 1.1 Hexes
 + Level 1.1 Summonings
 + Level 1.1 Necromancy
 + Level 1.1 Translocations
 + Level 1.1 Transmutations
 + Level 1.1 Fire Magic
 + Level 1.1 Ice Magic
 + Level 1.1 Air Magic
 + Level 1.1 Earth Magic
 + Level 1.1 Poison Magic
 + Level 1.5 Invocations
 + Level 6.6 Evocations


You had 6 spell levels left.
You didn't know any spells.
Your spell library contained the following spells:

 Spells                   Type           Power      Damage    Failure   Level
 Call Canine Familiar     Summ           3%         N/A       67%         3
 Portal Projectile        Hex/Tloc       6%         N/A       67%         3
 Leda's Liquefaction      Hex/Erth       1%         N/A       97%         4
 Fireball                 Conj/Fire      1%         3d3       100%        5
 Iskenderun's Battlesphe  Conj           3%         2d6       100%        5
 Conjure Ball Lightning   Conj/Air       1%         3x3d6     100%        6
 Orb of Destruction       Conj           1%         9d5       100%        7


Dungeon Overview and Level Annotations

Branches:
Dungeon (4/15)
 Temple: D:4-7

Altars:
Elyvilon

Annotations:
D:4 Edmund, Pikel


Innate Abilities, Weirdness & Mutations

You have very sharp teeth.
Your uncanny sense of smell can sniff out nearby items.
Your experience applies equally to all skills.


Message History

Edmund is heavily wounded.
Edmund closely misses you.
You hit Edmund.
Your hands burn!
You bite Edmund, but do no damage.
Edmund is severely wounded.
Edmund hits you but does no damage.
You hit Edmund.
Your hands burn!
Edmund is severely wounded.
Edmund closely misses you. You block Edmund's attack.
You hit Edmund but do no damage.
Your hands burn!
Edmund is severely wounded.
Edmund closely misses you.
You completely miss Edmund.
Edmund is severely wounded.
Edmund hits you.
You are splashed with acid!
You hit Edmund. The acid corrodes you!
Your hands burn!
Edmund is almost dead.
Edmund misses you.
You hit Edmund.
Your hands burn!
Edmund is almost dead.
You block Edmund's attack.
You hit Edmund but do no damage.
Your hands burn!
* * * LOW HITPOINT WARNING * * *
You bite Edmund, but do no damage.
Edmund is almost dead.
Edmund barely misses you. x2
You hit Edmund but do no damage.
Your hands burn!
* * * LOW HITPOINT WARNING * * *
You bite Edmund, but do no damage.
Edmund is almost dead.
You block Edmund's attack.
You barely miss Edmund.
Edmund is almost dead.
You block Edmund's attack.
You hit Edmund but do no damage.
Your hands burn!
* * * LOW HITPOINT WARNING * * *
Edmund is almost dead.
Edmund hits you.
* * * LOW HITPOINT WARNING * * *
The acid corrodes you!
You are splashed with acid.
You die...

...##
♣...#
###
....#
#<#
.≈#s#
#.####
≈≈#..
#....#
###
####.#
......#
#.#####
......#
#.....#
......#
#####@#
.......
#J#
.......
#.#
.......
#.#
..###.#
#.#
.... ∆
#.#
...##
..#
...#
###
...#


You could see Edmund the jelly.

Vanquished Creatures
  A jelly (D:4)
  An adder (D:2)
  A worm (D:2)
  3 dart slugs
  An orc (D:4)
  5 ball pythons
  7 endoplasms
  4 giant cockroaches
  4 goblins
  4 hobgoblins
  3 jackals (D:1)
  5 quokkas
  2 bats
  2 kobolds (D:1)
  5 rats
48 creatures vanquished.

Vanquished Creatures (others)
  An orc wizard (D:4)
1 creature vanquished.

Grand Total: 49 creatures vanquished

Notes
Turn   | Place    | Note
-------+----------+-------------------------------------------
     0 | D:1      | Reached skill level 10 in Shields
     0 | D:1      | logorrheac the Gnoll Wanderer began the quest for the Orb.
     0 | D:1      | logorrheac set off with the following items: a +0 hand axe,
                  | a +0 buckler of protection, a wand of polymorph (3), a
                  | scroll of blinking, a +0 leather armour.
     0 | D:1      | Reached XP level 1. HP: 13/13 MP: 1/1
   336 | D:1      | Reached XP level 2. HP: 19/19 MP: 2/2
   901 | D:1      | Reached XP level 3. HP: 16/25 MP: 3/3
  1294 | D:2      | Reached skill level 1 in Invocations
  1359 | D:2      | Reached skill level 1 in Fighting
  1359 | D:2      | Reached skill level 1 in Short Blades
  1359 | D:2      | Reached skill level 1 in Long Blades
  1359 | D:2      | Reached skill level 1 in Maces & Flails
  1359 | D:2      | Reached skill level 1 in Polearms
  1359 | D:2      | Reached skill level 1 in Staves
  1359 | D:2      | Reached skill level 1 in Ranged Weapons
  1359 | D:2      | Reached skill level 1 in Throwing
  1359 | D:2      | Reached skill level 1 in Dodging
  1359 | D:2      | Reached skill level 1 in Stealth
  1359 | D:2      | Reached skill level 1 in Unarmed Combat
  1359 | D:2      | Reached skill level 1 in Spellcasting
  2304 | D:3      | Reached XP level 4. HP: 32/32 MP: 5/5
  2705 | D:3      | Found a faded altar of an unknown god.
  2940 | D:4      | Noticed a lemure
  2941 | D:4      | Noticed Pikel
  2942 | D:4      | Noticed a lemure
  2945 | D:4      | Noticed a scorpion
  3020 | D:4      | Reached skill level 1 in Conjurations
  3020 | D:4      | Reached skill level 1 in Hexes
  3020 | D:4      | Reached skill level 1 in Summonings
  3020 | D:4      | Reached skill level 1 in Necromancy
  3020 | D:4      | Reached skill level 1 in Translocations
  3020 | D:4      | Reached skill level 1 in Transmutations
  3020 | D:4      | Reached skill level 1 in Fire Magic
  3020 | D:4      | Reached skill level 1 in Ice Magic
  3020 | D:4      | Reached skill level 1 in Air Magic
  3020 | D:4      | Reached skill level 1 in Earth Magic
  3020 | D:4      | Reached skill level 1 in Poison Magic
  3237 | D:4      | Found a white marble altar of Elyvilon.
  3250 | D:4      | Noticed an orc warrior
  3272 | D:4      | Reached XP level 5. HP: 24/37 MP: 5/7
  3538 | D:4      | Noticed Edmund
  3542 | D:4      | Noticed Edmund
  3542 | D:4      | Edmund changed into Edmund the jelly
  3555 | D:4      | Splashed by Edmund the jelly's acid

Illustrated notes

Levels and vault maps discovered:
D:1:      dpeg_arrival_tiny_h, layout_basic, minmay_octomino_e4
D:2:      layout_loops_ring, patterned_corridor
D:3:      layout_loops_ring, hellmonk_ecumenical_altar_run_dry
D:4:      layout_basic, elyvilon_altar_4, uniq_edmund, uniq_pikel

Skill      XL: |  1  2  3  4 |
---------------+-------------+-----
Shields        | | 10.5
Invocations    | 1 |  1.5
Fighting       | 1 |  1.3
Short Blades   | 1 |  1.3
Long Blades    | 1 |  1.3
Maces & Flails | 1 |  1.3
Polearms       | 1 |  1.3
Staves         | 1 |  1.3
Ranged Weapons | 1 |  1.3
Throwing       | 1 |  1.3
Dodging        | 1 |  1.3
Stealth        | 1 |  1.3
Unarmed Combat | 1 |  1.3
Spellcasting   | 1 |  1.3
Conjurations   | 1 |  1.1
Hexes          | 1 |  1.1
Summonings     | 1 |  1.1
Necromancy     | 1 |  1.1
Translocations | 1 |  1.1
Transmutations | 1 |  1.1
Fire Magic     | 1 |  1.1
Ice Magic      | 1 |  1.1
Air Magic      | 1 |  1.1
Earth Magic    | 1 |  1.1
Poison Magic   | 1 |  1.1
Axes           | |  2.9
Armour         | |  2.9
Evocations     | |  6.6

Action                   |  1- 3 |  4- 6 || total
-------------------------+-------+-------++-------
Melee: Hand axe          |   146 |    83 ||   229
       Bite              |    13 |    14 ||    27
Evoke: Wand              |       |     1 ||     1
  Use: Potion            |       |     2 ||     2
 Stab: Sleeping          |     2 |     2 ||     4
Armor: Leather armour    |    58 |    20 ||    78
Dodge: Dodged            |    67 |    64 ||   131
Block: Buckler           |    45 |    23 ||    68

Table legend: (Time is in decaauts)
 A = Elapsed time spent in this place.
 B = Non-inter-level travel time spent in this place.
 C = Inter-level travel time spent in this place.
 D = Time resting spent in this place.
 E = Time spent auto-exploring this place.
 F = Levels seen in this place.
 G = Mean time per level.
                   A        B        C        D        E       F      G
               +--------+--------+--------+--------+--------+-----+--------+
         Total |   3600 |   3474 |    126 |    897 |   1904 |   4 |  900.0 |
       Dungeon |   3600 |   3474 |    126 |    897 |   1904 |   4 |  900.0 |
               +--------+--------+--------+--------+--------+-----+--------+

Top non-repeatable levels by time:
     D:1: 1207 daAuts
     D:3: 1048 daAuts
     D:2: 975 daAuts
     D:4: 370 daAuts
